 Dungeon Crawl Stone Soup version 0.29.1-2-gbd0b4ee654 (webtiles) character file.

Game seed: 14296269260804769285

6614 BlackCrag the Thaumaturge (level 10, -3/50 HPs)
             Began as a Deep Elf Air Elementalist on Oct 29, 2022.
             Was a Believer of Vehumet.
             Slain by a yak (4 damage)
             ... on level 9 of the Dungeon.
             The game lasted 01:06:36 (10697 turns).

BlackCrag the Thaumaturge (DEAE)                   Turns: 10697, Time: 01:06:36

Health: -3/50      AC:  5    Str:  5    XL:     10   Next: 72%
Magic:  16/28      EV: 13    Int: 25    God:    Vehumet [**....]
Gold:   719        SH:  0    Dex: 15    Spells: 14/34 levels left

rFire   + . .      SeeInvis +   q - +3 quarterstaff (chaos)
rCold   + . .      Faith    .   (shield currently unavailable)
rNeg    + . .      Spirit   .   y - +2 robe {rC+ rF+}
rPois   .          Reflect  .   (no helmet)
rElec   .          Harm     .   i - +0 cloak
rCorr   .          Rampage  .   (no gloves)
Will    +....                   (no boots)
Stlth   ++........              E - amulet of magic regeneration
HPRegen 0.16/turn               c - ring of see invisible
MPRegen 0.61/turn               v - ring of positive energy

@: swift, very quick
A: no striking features
a: Renounce Religion


You were on level 9 of the Dungeon.
You worshipped Vehumet.
Vehumet was pleased with you.
You visited 2 branches of the dungeon, and saw 10 of its levels.
You also visited: Ossuary.

You collected 719 gold pieces.

Inventory:

Hand Weapons
 q - a +3 quarterstaff of chaos (weapon)
Armour
 i - a +0 cloak (worn)
 l - a +2 robe of willpower
 y - a +2 robe of resistance (worn)
Jewellery
 c - a ring of see invisible (left hand)
 v - a ring of positive energy (right hand)
 D - a ring of ice
 E - an amulet of magic regeneration (around neck)
Wands
 b - a wand of quicksilver (1)
 f - a wand of flame (17)
 r - a wand of polymorph (10)
 u - a wand of roots (28)
Scrolls
 d - a scroll of fear
 e - 6 scrolls of vulnerability
 g - 4 scrolls of enchant weapon
 m - 5 scrolls of butterflies
 n - 2 scrolls of blinking
 t - a scroll of identify
 w - a scroll of summoning
 x - 2 scrolls of amnesia
 C - 2 scrolls of teleportation
Potions
 a - a potion of cancellation
 h - a potion of resistance
 j - 2 potions of ambrosia
 k - 5 potions of heal wounds
 o - 5 potions of magic
 p - 5 potions of curing
 s - a potion of flight
 z - a potion of brilliance
 B - a potion of mutation {unknown}
Miscellaneous
 A - a tin of tremorstones (2/2)


   Skills:
 + Level 0.1 Fighting
 + Level 3.0 Dodging
 + Level 3.6 Stealth
 + Level 12.8 Spellcasting
 + Level 6.2 Conjurations
 + Level 0.1 Transmutations
 + Level 1.6 Ice Magic
 + Level 11.0 Air Magic
 + Level 5.1 Earth Magic


You had 14 spell levels left.
You knew the following spells:

 Your Spells              Type           Power      Damage    Failure   Level
a - Shock                 Conj/Air       100%       1d9       1%          1
b - Static Discharge      Conj/Air       56%        3-10/arc  1%          2
c - Swiftness             Air            63%        N/A       1%          3
d - Airstrike             Air            31%        2d(5-21)  1%          4
e - Foxfire               Conj/Fire      100%       2x1d9     1%          1
f - Ozocubu's Armour      Ice            24%        N/A       5%          3
g - Stone Arrow           Conj/Erth      88%        3d12      1%          3
h - Freeze                Ice            96%        1d11      1%          1
i - Passwall              Tmut/Erth      24%        N/A       1%          2

Your spell library contained the following spells:

 Spells                   Type           Power      Damage    Failure   Level
 Sandblast                Erth           82%        2d17      1%          1
 Poisonous Vapours        Pois/Air       86%        N/A       1%          2
 Beastly Appendage        Tmut           32%        N/A       3%          1
 Wereblood                Tmut           16%        N/A       5%          2
 Frozen Ramparts          Ice            48%        1d8       5%          3
 Hailstorm                Conj/Ice       35%        3d9       8%          4
 Corpse Rot               Necr/Pois/Air  34%        N/A       9%          4
 Gell's Gravitas          Tloc           16%        N/A       11%         3
 Lesser Beckoning         Tloc           16%        N/A       11%         3
 Spider Form              Tmut/Pois      16%        N/A       11%         3
 Teleport Other           Tloc           16%        N/A       11%         3
 Ozocubu's Refrigeration  Ice            12%        4d10      100%        7


Dungeon Overview and Level Annotations

Branches:
Dungeon (9/15)             Temple (1/1) D:6         Ossuary (visited)
   Lair: D:8-11         Orc: D:9-12

Altars:
Ashenzari
Cheibriados
Dithmenos
Elyvilon
Fedhas
Gozag
Hepliaklqana
Kikubaaqudgha
Makhleb
Nemelex Xobeh
Okawaru
Qazlal
Ru
Sif Muna
Trog
Uskayaw
Vehumet
Wu Jian
Yredelemnul
Zin
The Shining One

Shops:
D:4 =

Annotations:
Temple 2 transporters


Message History

You are struck by an arc of lightning.
The yak is struck by an arc of lightning!
You kill the yak!
Vehumet accepts your kill.
The yak is struck by an arc of lightning.
The yak is moderately wounded.
The lightning grounds out.
Your Air Magic skill increases to level 11!
Casting: Static Discharge (safe; 1% risk of failure)
Confirm with . or Enter, or press ? or * to list all spells.
Aiming: Stone Arrow (safe; 1% risk of failure)
Press: ? - help, Shift-Dir - straight line, f - yak
Aim: a yak (moderately wounded, 85% to hit)
The stone arrow hits the yak!!
The yak is severely wounded.
Casting: Stone Arrow (safe; 1% risk of failure)
Confirm with . or Enter, or press ? or * to list all spells.
The yak is struck by an arc of lightning!
The yak is almost dead.
You are struck by an arc of lightning.
The lightning grounds out.
The yak gores you!
Casting: Static Discharge (safe; 1% risk of failure)
Confirm with . or Enter, or press ? or * to list all spells.
The yak is struck by an arc of lightning!
You kill the yak!
Vehumet accepts your kill.
You feel your power returning.
You are struck by an arc of lightning.
Press: ? - help, v - describe, . - travel The floor.
Casting: Static Discharge (safe; 1% risk of failure)
Confirm with . or Enter, or press ? or * to list all spells.
Aiming: Passwall (safe; 1% risk of failure)
Press: ? - help, Dir - move target A rock wall.
The yak gores you but does no damage.
You begin to meditate on the wall.
You continue meditating on the rock.
The yak gores you!
* * * LOW HITPOINT WARNING * * *
The yak gores you.
You die...

#....Y....#..## #######
#...Y.....#...# ##.....#
#..§Y..Y..#..## #......#
#'### #+#.# #......#
#...# #...#########'##
#..†######..#...........#
#.Y.##..##..#...........#
#...##..#####...........#
#....†YY@# #.<.........#
#......Y.# #...........#
#...###.##+##............
#...###.##..#......#####.
#...........#......#...'.
#...........#......#...#.
#...........#......'...#.
#...###.##..#......##..#.
#### ##.##..#...(...#..#.


You could see 3 yaks.

Vanquished Creatures
  The ghost of Ivernyr the Grasshopper, an amateur NaWr of Cheibriados (D:4)
  The ghost of Earthwalker the Poker, an amateur MiFi of Okawaru (D:4)
  The ghost of Henri the Covert, a novice VSEn of Wu Jian (D:4)
  Grinder (D:4)
  A hornet (D:7)
  Sigmund (D:2)
  A shadow (D:9)
  A wraith (D:9)
  A vampire (D:9)
  3 yaks (D:9)
  A steam dragon (D:7)
  4 vampire mosquitoes (D:9)
  An acid dragon (D:9)
  2 water moccasins
  A black bear (D:4)
  2 orc warriors
  2 ice beasts
  3 ogres
  The ghost of lis82 the Magician, an amateur DgAE (D:4)
  4 centaurs
  A kobold brigand (D:8)
  2 bullfrogs
  3 scorpions
  2 necrophages
  A water moccasin zombie (Ossuary)
  6 wights
  3 killer bees (D:7)
  4 howler monkeys
  2 centaur zombies (Ossuary)
  3 bullfrog zombies (Ossuary)
  4 hounds
  Crazy Yiuf (D:2)
  6 orc priests
  A gnoll bouda (D:7)
  3 jellies
  Ijyb (D:5)
  3 iguanas
  Natasha (thrice) (D:3)
  4 orc wizards
  A mummy (D:7)
  Robin (D:2)
  10 gnolls
  6 adders
  2 shadow imps
  2 white imps
  An ufetubus (D:5)
  2 adder zombies (Ossuary)
  A worm (D:2)
  2 dart slugs
  12 orcs
  3 bats
  4 endoplasms
  5 giant cockroaches
  4 gnoll zombies (Ossuary)
  7 hobgoblins
  8 kobolds
  3 quokkas (D:1)
  5 ball pythons
  5 frilled lizards
  15 goblins
  3 goblin zombies (Ossuary)
  4 hobgoblin zombies (Ossuary)
  2 kobold zombies (D:7)
  6 orc zombies (Ossuary)
  5 rats
205 creatures vanquished.

Vanquished Creatures (collateral kills)
  A scorpion (D:7)
  2 orc wizards (D:7)
  An orc (D:7)
4 creatures vanquished.

Vanquished Creatures (others)
  2 foxfires (D:9)
2 creatures vanquished.

Grand Total: 211 creatures vanquished

Notes
Turn   | Place    | Note
-------+----------+-------------------------------------------
     0 | D:1      | BlackCrag the Deep Elf Air Elementalist began the quest for
                  | the Orb.
     0 | D:1      | Reached XP level 1. HP: 10/10 MP: 6/6
   231 | D:1      | Reached XP level 2. HP: 15/15 MP: 2/8
   244 | D:1      | Learned a level 2 spell: Static Discharge
   568 | D:1      | You fall into a shaft and drop 1 floor!
   589 | D:2      | Reached XP level 3. HP: 14/19 MP: 2/9
   772 | D:1      | Learned a level 3 spell: Swiftness
  1393 | D:2      | Reached XP level 4. HP: 15/24 MP: 3/11
  1401 | D:2      | Reached skill level 4 in Spellcasting
  1499 | D:2      | Learned a level 4 spell: Airstrike
  1501 | D:2      | Noticed Sigmund
  1507 | D:2      | HP: 1/24 [something/magic dart (11)]
  1921 | D:2      | Noticed Robin
  2047 | D:2      | Killed Robin
  2230 | D:2      | Killed Sigmund
  2231 | D:2      | Reached skill level 5 in Spellcasting
  2231 | D:2      | Reached skill level 5 in Air Magic
  2231 | D:2      | Reached XP level 5. HP: 28/28 MP: 4/14
  2231 | D:2      | Reached XP level 6. HP: 32/32 MP: 4/15
  2377 | D:2      | Found a basalt altar of Yredelemnul.
  2777 | D:2      | Found a runed translucent door.
  2778 | D:2      | Noticed Crazy Yiuf
  2786 | D:2      | Killed Crazy Yiuf
  3405 | D:3      | Noticed Natasha
  3407 | D:3      | Killed Natasha
  3408 | D:3      | Reached skill level 6 in Spellcasting
  3437 | D:3      | Noticed Natasha
  3441 | D:3      | Killed Natasha
  3526 | D:3      | Learned a level 1 spell: Sandblast
  3690 | D:3      | Noticed Natasha
  3693 | D:3      | Killed Natasha
  3852 | D:4      | Found a runed translucent gate.
  3861 | D:4      | Found a runed translucent gate.
  3862 | D:4      | Found a runed translucent gate.
  3863 | D:4      | Noticed lis82's ghost (amateur DgAE)
  3863 | D:4      | Noticed Ivernyr's ghost (amateur NaWr)
  3863 | D:4      | Noticed Earthwalker's ghost (amateur MiFi)
  3863 | D:4      | Noticed Henri's ghost (novice VSEn)
  3872 | D:4      | Found Peruefua's Jewellery Boutique.
  3953 | D:4      | Reached XP level 7. HP: 28/36 MP: 5/18
  4050 | D:4      | Learned a level 3 spell: Ozocubu's Armour
  4072 | D:4      | Noticed Grinder
  4076 | D:4      | Killed Grinder
  4077 | D:4      | Reached skill level 7 in Spellcasting
  4077 | D:4      | Reached skill level 1 in Earth Magic
  4150 | D:4      | Identified the +5 mace "Zeitan" {antimagic, Will++}
  4282 | D:4      | Found an iron altar of Okawaru.
  4520 | D:5      | Entered Level 5 of the Dungeon
  4683 | D:5      | Found an ancient bone altar of Kikubaaqudgha.
  4684 | D:5      | Found an ornate altar of the Wu Jian Council.
  4839 | D:5      | Reached XP level 8. HP: 30/41 MP: 10/21
  4980 | D:5      | Learned a level 3 spell: Stone Arrow
  5023 | D:5      | Noticed Ijyb
  5025 | D:5      | Killed Ijyb
  5206 | D:5      | Reached skill level 8 in Spellcasting
  6273 | D:6      | Reached skill level 9 in Spellcasting
  6406 | D:6      | Learned a level 1 spell: Freeze
  6463 | D:6      | Found a staircase to the Ecumenical Temple.
  6480 | Temple   | Entered the Ecumenical Temple
  6480 | Temple   | Found a transporter.
  6480 | Temple   | Found a transporter.
  6482 | Temple   | Found a transporter.
  6482 | Temple   | Found a transporter.
  6492 | Temple   | Became a worshipper of Vehumet
  6727 | D:6      | Learned a level 2 spell: Passwall
  6853 | D:6      | Reached XP level 9. HP: 45/45 MP: 17/24
  7558 | D:4      | Killed Henri's ghost
  7559 | D:4      | Reached skill level 10 in Spellcasting
  7561 | D:4      | Killed Earthwalker's ghost
  7567 | D:4      | Killed lis82's ghost
  7570 | D:4      | Killed Ivernyr's ghost
  7693 | D:7      | Reached skill level 10 in Air Magic
  7708 | D:7      | Reached * piety under Vehumet
  7708 | D:7      | Offered knowledge of Magic Dart by Vehumet.
  7785 | D:7      | Reached skill level 11 in Spellcasting
  7864 | D:7      | Reached XP level 10. HP: 44/50 MP: 14/27
  8026 | D:7      | Reached skill level 5 in Earth Magic
  8036 | D:7      | Found a sand-covered staircase.
  8116 | Ossuary  | Entered an ossuary
  8699 | Ossuary  | Reached ** piety under Vehumet
  8700 | Ossuary  | Reached skill level 5 in Conjurations
  8881 | D:7      | Offered knowledge of Foxfire by Vehumet.
  8885 | D:7      | Learned a level 1 spell: Foxfire
  8893 | D:7      | Found a burning altar of Makhleb.
  9349 | D:8      | Found a sparkling altar of Nemelex Xobeh.
  9466 | D:8      | Identified the +3 ring mail of an ice cave {Regen+}
  9946 | D:8      | Identified the +1 robe of Delicate Fun {rPois rC+ rN+
                  | Int-4}
 10240 | D:9      | Reached skill level 12 in Spellcasting
 10687 | D:9      | Reached skill level 1 in Ice Magic
 10697 | D:9      | HP: 1/50 [yak (16)]
 10697 | D:9      | Slain by a yak

Illustrated notes

Levels and vault maps discovered:
D:1:      psy_arrival_terrarium, layout_loops_ring, chequers_arboretum
D:2:      layout_rooms, basic_altar, minmay_crystal_water, uniq_sigmund,
          uniq_robin, uniq_crazy_yiuf_cottage
D:3:      layout_loops_ring, uniq_natasha
D:4:      layout_cave_pools, mainiacjoe_overflow_alcove_2,
          gammafunk_ghost_cemetery, eino_small_chamber_without_monster,
          minmay_shop_enchanted_jewellery, uniq_grinder
D:5:      layout_layer_cave, jmf_multi_god_temple, serial_park_tiny_1, uniq_ijyb
D:6:      minmay_octagon_keep, layout_basic, minmay_temple_entry_trees
D:7:      layout_basic, bloody_makhleb, nicolae_ossuary_entry_giza
D:8:      layout_basic, amcnicky_altar_gilded
D:9:      layout_gridville
Temple:   hellmonk_temple_divided_pantheon

Skill      XL: |  1  2  3  4  5  6  7  8  9 10 |
---------------+-------------------------------+-----
Air Magic      | 4 5 7 8 10 11 | 11.0
Spellcasting   | 5 6 7 9 11 12 | 12.8
Conjurations   | 2 3 4 6 |  6.2
Earth Magic    | 2 3 4 5 |  5.1
Stealth        | 3 |  3.6
Dodging        | 3 |  3.0
Ice Magic      | 1 |  1.6
Fighting       | |  0.1
Transmutations | |  0.1

Action                   |  1- 3 |  4- 6 |  7- 9 | 10-12 || total
-------------------------+-------+-------+-------+-------++-------
Melee: Quarterstaff      |       |       |     1 |       ||     1
 Cast: Shock             |    50 |    62 |    53 |    83 ||   248
       Static Discharge  |     6 |     7 |    19 |    28 ||    60
       Airstrike         |       |    12 |    36 |    26 ||    74
       Swiftness         |       |     1 |     1 |     1 ||     3
       Sandblast         |       |     2 |     8 |       ||    10
       Stone Arrow       |       |       |    11 |    20 ||    31
       Passwall          |       |       |     3 |     1 ||     4
       Ozocubu's Armour  |       |       |     1 |     1 ||     2
       Foxfire           |       |       |       |     1 ||     1
Evoke: Wand              |       |       |     1 |       ||     1
  Use: Scroll            |     2 |     6 |    14 |     2 ||    24
       Potion            |       |       |     2 |       ||     2
Armor: Robe              |     5 |     1 |     2 |     7 ||    15
Dodge: Dodged            |    12 |     3 |    18 |    16 ||    49
